[Event "FIDE World School-ch G-13 2025"]
[Site "Vrnjacka Banja"]
[Date "2025.03.28"]
[Round "9.1"]
[White "Gaer, Sofiya Ig"]
[Black "Begmuratova, Sarvinoz"]
[Result "1/2-1/2"]
[Annotator "NA RC"]
[ECO "B13"]
[WhiteElo "1733"]
[BlackElo "1808"]
[PlyCount "61"]
[EventDate "2025.03.19"]
[EventType "swiss"]
[EventCountry "SRB"]
[SourceTitle "playchess.com"]
[Source "ChessBase"]
[SourceQuality "1"]
[TimeControl "5400+30"]

1. e4 c6 2. d4 d5 3. exd5 cxd5 4. Bd3 Nf6 5. h3 Nc6 6. Nf3 Nb4 7. Ne5 Nxd3+ 8. Qxd3 e6 9. Nc3 Be7 10. O-O O-O 11. Bg5 Bd7 12. f4 h6 13. Bh4 Bc8 14. Rae1 Kh8 15. Re3 Ng8 16. Be1 Bf6 17. g4 Bh4 18. Bxh4 Qxh4 19. Rg3 Ne7 20. Kh2 g6 21. Nd1 Qf6 22. Qa3 Re8 23. Ne3 Qg7 24. f5 f6 25. Nxg6+ Nxg6 26. fxg6 Qxg6 27. Rgf3 f5 28. Qd3 Rg8 29. R3f2 Bd7 30. Rg2 Qf6 31. gxf5 1/2-1/2

[Event "FIDE World School-ch G-13 2025"]
[Site "Vrnjacka Banja"]
[Date "2025.03.28"]
[Round "9.2"]
[White "Mamakova, Aknur"]
[Black "Smirnova, Viktoria A"]
[Result "1-0"]
[Annotator "NA RC"]
[ECO "D43"]
[WhiteElo "1797"]
[BlackElo "1671"]
[PlyCount "107"]
[EventDate "2025.03.19"]
[EventType "swiss"]
[EventCountry "SRB"]
[SourceTitle "playchess.com"]
[Source "ChessBase"]
[SourceQuality "1"]
[TimeControl "5400+30"]

1. d4 d5 2. c4 e6 3. Nc3 Nf6 4. Nf3 c6 5. Bg5 h6 6. Bxf6 Qxf6 7. e3 Bd6 8. Rc1 Nd7 9. Bd3 dxc4 10. Bxc4 Qe7 11. a3 O-O 12. O-O Nb6 13. Bd3 Rd8 14. Qe2 Bd7 15. Ne4 Rac8 16. Nxd6 Qxd6 17. Bb1 Be8 18. h4 Nd7 19. Qd3 f5 20. Rfe1 Bg6 21. Qb3 Rb8 22. Nh2 Bf7 23. Qd3 Qe7 24. e4 fxe4 25. Qxe4 Nf6 26. Qd3 Qd6 27. Rcd1 Qc7 28. Qf3 Qe7 29. g4 Rd5 30. Ba2 Rd6 31. Qg3 Nh7 32. Nf3 Rbd8 33. Re5 Nf8 34. g5 h5 35. Rde1 Qd7 36. R5e2 Ng6 37. Bb1 Ne7 38. g6 Be8 39. Qg5 Nd5 40. Qxh5 Nf6 41. Qg5 Rd5 42. Re5 Qc7 43. h5 c5 44. Ba2 c4 45. h6 b5 46. Bb1 a5 47. Qh4 b4 48. axb4 axb4 49. h7+ Kh8 50. Rxe6 c3 51. Qxf6 gxf6 52. Rxe8+ Rxe8 53. Rxe8+ Kg7 54. h8=Q# 1-0

[Event "FIDE World School-ch G-13 2025"]
[Site "Vrnjacka Banja"]
[Date "2025.03.28"]
[Round "9.3"]
[White "Akuratiya, A G Hansadie Aradhya"]
[Black "Amanzhol, Khanzada"]
[Result "0-1"]
[Annotator "NA RC"]
[ECO "B07"]
[WhiteElo "1629"]
[BlackElo "1908"]
[PlyCount "70"]
[EventDate "2025.03.19"]
[EventType "swiss"]
[EventCountry "SRB"]
[SourceTitle "playchess.com"]
[Source "ChessBase"]
[SourceQuality "1"]
[TimeControl "5400+30"]

1. e4 d6 2. d4 Nf6 3. Nc3 e5 4. f4 exd4 5. Qxd4 Be7 6. Nf3 O-O 7. Be3 c6 8. O-O-O b5 9. Qd3 b4 10. Na4 Qa5 11. b3 Ba6 12. c4 d5 13. exd5 cxd5 14. Qc2 Rc8 15. Ne5 Nc6 16. Kb1 Nxe5 17. fxe5 Ng4 18. Qe2 Nxe3 $19 ({Resist} 18... Nxe5 19. Bd4 Bf6 (19... Nc6 $2 20. Bb2 $17) 20. Bxe5 $17) 19. Qxe3 dxc4 20. Rd7 Rc7 21. e6 Rxd7 22. exd7 Qf5+ 23. Ka1 Qxd7 24. Bxc4 Bxc4 25. bxc4 Bf6+ 26. Nb2 Re8 27. Qf2 a5 28. Kb1 Bxb2 29. Kxb2 Qd3 30. Ka1 Re2 31. Qxe2 Qxe2 32. Rc1 Qd2 33. Kb1 a4 34. c5 b3 35. c6 Qxa2# 0-1

[Event "FIDE World School-ch G-13 2025"]
[Site "Vrnjacka Banja"]
[Date "2025.03.28"]
[Round "9.4"]
[White "Enkhzaya, Zagas-Erdene"]
[Black "Tereshchenko, Eliza"]
[Result "1/2-1/2"]
[Annotator "NA RC"]
[ECO "D36"]
[WhiteElo "1801"]
[BlackElo "1751"]
[PlyCount "179"]
[EventDate "2025.03.19"]
[EventType "swiss"]
[EventCountry "SRB"]
[SourceTitle "playchess.com"]
[Source "ChessBase"]
[SourceQuality "1"]
[TimeControl "5400+30"]

1. d4 d5 2. c4 e6 3. Nc3 Nf6 4. cxd5 exd5 5. Bg5 Be7 6. e3 c6 7. Bd3 O-O 8. Qc2 h6 9. h4 Re8 10. Bxf6 Bxf6 11. O-O-O a5 12. Nge2 b5 13. Rdg1 Ba6 14. Ng3 b4 15. Na4 Bxd3 16. Qxd3 Nd7 17. Nf5 c5 18. dxc5 Nxc5 19. Nxc5 Qc7 20. g4 Qxc5+ 21. Kb1 Qc4 22. Qxc4 dxc4 23. Nd6 Red8 24. Nxc4 Rac8 25. b3 Rc5 26. Rg2 Rxc4 27. bxc4 Rd2 28. g5 hxg5 29. hxg5 Be5 30. Rgg1 Rb2+ 31. Kc1 Rxa2 32. f4 Bc3 33. Rd1 Kf8 34. Rd8+ Ke7 35. Rhh8 f5 36. g6 Kf6 37. Rd6+ Ke7 38. Rb6 Ra1+ 39. Kc2 Ra2+ 40. Kb3 Ra3+ 41. Kc2 Ra2+ 42. Kd1 Rd2+ 43. Kc1 a4 44. Ra8 Rd7 45. Rxa4 Bd2+ 46. Kc2 Bxe3 47. Rbxb4 Bxf4 48. Rb5 Kf6 49. c5 Be5 50. Ra6+ Kg5 51. c6 Re7 52. Rb7 Re8 53. Ra5 Kxg6 54. Rbb5 Bh2 55. Rxf5 Rc8 56. Rfc5 Kf6 57. Kd3 g5 58. Rf5+ Ke6 59. Rxg5 Rxc6 60. Rg6+ Kd7 61. Ra7+ Rc7 62. Rxc7+ Kxc7 63. Ke4 Kd7 64. Rh6 Bg3 65. Rh3 Bf2 66. Kd5 Kc7 67. Rh6 Bg3 68. Rc6+ Kb7 69. Kc5 Bc7 70. Kb5 Bd8 71. Rc4 Bc7 72. Rg4 Be5 73. Rg5 Bh2 74. Rg7+ Kc8 75. Kc6 Kd8 76. Rh7 Bg3 77. Kd5 Bc7 78. Rf7 Bg3 79. Ke6 Bh2 80. Rd7+ Kc8 81. Rh7 Bc7 82. Kd5 Bg3 83. Kc6 Kd8 84. Rh3 Bf4 85. Rf3 Bh2 86. Re3 Bf4 87. Re4 Bg3 88. Kd5 Kd7 89. Rg4 Bc7 90. Rg5 1/2-1/2

[Event "FIDE World School-ch G-13 2025"]
[Site "Vrnjacka Banja"]
[Date "2025.03.28"]
[Round "9.5"]
[White "Abylaykyzy, Bibisara"]
[Black "Xu, Luna Yuexiu"]
[Result "1/2-1/2"]
[Annotator "NA RC"]
[ECO "C07"]
[WhiteElo "1651"]
[BlackElo "1901"]
[PlyCount "132"]
[EventDate "2025.03.19"]
[EventType "swiss"]
[EventCountry "SRB"]
[SourceTitle "playchess.com"]
[Source "ChessBase"]
[SourceQuality "1"]
[TimeControl "5400+30"]

1. e4 e6 2. d4 d5 3. Nd2 c5 4. dxc5 Bxc5 5. Bd3 Nc6 6. Ngf3 Nf6 7. Qe2 O-O 8. O-O Qc7 9. e5 Nd7 10. Re1 a5 11. Bxh7+ Kh8 12. Bd3 g6 13. c3 $18 Kg7 14. Nb3 Be7 15. Bf4 Rh8 16. Nfd4 Nc5 17. Nxc5 Bxc5 18. Nb5 Qe7 19. Qf3 Bd7 20. Nd6 Bxd6 21. exd6 Qf6 22. Bb5 Kg8 23. Qe3 e5 24. Bg3 Qxd6 25. Bxc6 Qxc6 26. Bxe5 Re8 27. Qa7 b6 28. Bd4 Rh4 29. Rxe8+ Bxe8 30. Re1 Re4 31. Rxe4 dxe4 32. Qxb6 Qa4 33. h3 Qxa2 34. Qf6 Kf8 35. Qg7+ Ke7 36. Bc5+ Kd7 37. Qd4+ Kc8 38. Qxe4 Qa4 39. Qxa4 Bxa4 40. Bb6 Bb3 41. Bxa5 Kd7 42. Kf1 Ke6 43. Ke2 Kd5 44. Ke3 Kc4 45. Bb4 Kb5 46. h4 Bd1 47. Kf4 Kc4 48. g4 Kd5 49. Kg5 Ke6 50. h5 gxh5 51. gxh5 Bc2 52. c4 f6+ 53. Kh6 Kf7 54. Bd6 Bb3 55. c5 Ba4 56. f4 Bb5 57. b4 Bc6 58. f5 Bb5 59. Bc7 Bc6 60. Kh7 Bb5 61. Bd8 Bd7 62. Kh8 Be8 63. h6 Bd7 64. Bxf6 Be8 65. Bd8 Bd7 66. f6 Be8 1/2-1/2

[Event "FIDE World School-ch G-13 2025"]
[Site "Vrnjacka Banja"]
[Date "2025.03.28"]
[Round "9.6"]
[White "Rajlic, Irina"]
[Black "Omirserik, Alima"]
[Result "0-1"]
[Annotator "NA RC"]
[ECO "B40"]
[WhiteElo "1568"]
[BlackElo "1814"]
[PlyCount "62"]
[EventDate "2025.03.19"]
[EventType "swiss"]
[EventCountry "SRB"]
[SourceTitle "playchess.com"]
[Source "ChessBase"]
[SourceQuality "1"]
[TimeControl "5400+30"]

1. e4 c5 2. Nf3 e6 3. d3 a6 4. g3 Nc6 5. Bg2 g6 6. Nbd2 Bg7 7. O-O Nge7 8. Re1 O-O 9. Nf1 b6 10. c3 d5 11. exd5 Nxd5 12. Ne3 Nxe3 13. fxe3 Bb7 14. d4 cxd4 15. exd4 Qd7 16. Be3 b5 17. a3 Rfd8 18. Qe2 Rac8 19. Nd2 e5 20. dxe5 Nxe5 21. Nf3 Nc4 22. Bc1 Re8 23. Qf2 Rxe1+ 24. Qxe1 Re8 25. Qf2 Qd1+ 26. Qf1 Qc2 27. Bf4 Qxb2 28. h4 Bxc3 29. Rc1 Qxa3 30. Qd3 Bb2 31. Qxa3 Bxa3 0-1